 Dungeon Crawl Stone Soup version 0.31-a0-971-g75a2e9a4b4 (webtiles) character file.

Game seed: 11846873548889918433

108 Azuregosa the Covert (level 4, 0/31 HPs)
             Began as an Octopode Delver on Oct 28, 2023.
             Splashed by a jelly's acid (7 damage)
             ... on level 5 of the Dungeon.
             The game lasted 00:01:15 (309 turns).

Azuregosa the Covert (Octopode Delver)               Turns: 309, Time: 00:01:16

Health: 0/31       AC: -7    Str: 11    XL:     4   Next: 87%
Magic:  4/4        EV: 13    Int: 12    God:
Gold:   18         SH:  0    Dex: 15    Spells: 3/3 levels left

rFire   . . .        a - +0 hand axe
rCold   . . .        (no shield)
rNeg    . . .        (helmet restricted)
rPois   .            (no amulet)
rElec   .            (no ring)
rCorr   .            (no ring)
SInv    .            (no ring)
Will    .....        (no ring)
Stlth   +++++        (no ring)
HPRegen 0.25/turn    (no ring)
MPRegen 0.09/turn    (no ring)
                     (no ring)

%: no passive effects
@: corroded
A: almost no armour, amphibious, 8 rings, camouflage 1, gelatinous body 1,
(nimble swimmer 1), tentacles
a: no special abilities


You were on level 5 of the Dungeon.
You visited 1 branch of the dungeon, and saw 1 of its levels.

You collected 18 gold pieces.

Inventory:

Hand Weapons
 a - a +0 hand axe (weapon)
Wands
 f - a wand of digging (3)
Scrolls
 b - a scroll of fog
 d - a scroll of fear
Potions
 c - a potion of brilliance {unknown}
 e - a potion of haste


   Skills:
 - Level 3.0 Fighting
 - Level 2.0 Axes
 - Level 2.0 Dodging
 + Level 9.3 Stealth


You had 3 spell levels left.
You didn't know any spells.
Your spell library was empty.

Dungeon Overview and Level Annotations

Branches:
Dungeon (5/15)
 Temple: D:4-7

Altars:


Innate Abilities, Weirdness & Mutations

You cannot wear most types of armour.
You are amphibious.
You can wear up to eight rings at the same time.
Your skin changes colour to match your surroundings (Stealth+).
Your rubbery body absorbs attacks. (AC +1, EV +1)
((You are camouflaged when in or above water. (Stealth+)))
You have tentacles for arms and can constrict up to eight enemies at once.


Message History

You hit the gnoll.
You kill the gnoll!
You hit the gnoll but do no damage.
You constrict the gnoll, but do no damage.
The gnoll misses you.
You hit the gnoll.
You kill the gnoll!
You start resting.
You hear the hiss of an avalanche of sand nearby.
You start resting.
You hear the brisk hiss of an avalanche of sand nearby.
You start resting.
HP restored.
You open the door.
There is an open door here.
There is an open door here.
Found a book of Callings.
A jelly comes into view.
The helpless jelly fails to defend itself.
You slash the jelly!
Your tentacles burn!
The jelly is heavily wounded.
You hear the brisk hiss of a distant avalanche of sand.
The jelly barely misses you.
You hit the jelly.
Your tentacles burn!
The jelly is severely wounded.
The jelly hits you. The acid corrodes you!
You are splashed with acid!
You hit the jelly.
Your tentacles burn!
You squeeze the jelly.
You kill the jelly!
Your Stealth skill increases to level 9!
You hit the jelly but do no damage.
Your tentacles burn!
The jelly completely misses you.
You hit the jelly but do no damage.
Your tentacles burn!
The jelly closely misses you. The jelly barely misses you.
You hit the jelly.
Your tentacles burn!
* * * LOW HITPOINT WARNING * * *
The jelly is moderately wounded.
The jelly hits you.
* * * LOW HITPOINT WARNING * * *
The acid corrodes you!
You are splashed with acid!
You die...

*************,,,,...........#####
,,,,,,...:....#######............
,,,,,,........#.....#............
,,,,,,........#...g.#............
,,,,,,,.......#.....'............
,,,,,,,,......#######............
*******+**#...........#########..
*,,,,,,#...........#.......#..
*,,,,,,#....J@.....+.......#..
*,,,,,,#...........#.......#..
*,,,,,,#?..........#.......#..
**********#...........#...#####..
,,* *........##'####...##..##'
,,* *........#................
,,* #........#............####
,,* #........#............# ,,*
*........##+###########


You could see a jelly.

Vanquished Creatures
  A jelly (D:5)
  A hound (D:5)
  3 gnolls (D:5)
  An adder (D:5)
  A shadow imp (D:5)
7 creatures vanquished.

Notes
Turn   | Place    | Note
-------+----------+-------------------------------------------
     0 | D:5      | Azuregosa the Octopode Delver began the quest for the Orb.
     0 | D:5      | Reached XP level 1. HP: 16/16 MP: 1/1
    12 | D:5      | Noticed a hound
    17 | D:5      | Killed a hound
    18 | D:5      | Reached skill level 7 in Stealth
    18 | D:5      | Reached XP level 2. HP: 18/21 MP: 2/2
    18 | D:5      | Reached XP level 3. HP: 22/26 MP: 3/3
    49 | D:5      | Reached skill level 8 in Stealth
   164 | D:5      | Reached XP level 4. HP: 29/31 MP: 4/4
   302 | D:5      | Reached skill level 9 in Stealth
   309 | D:5      | Splashed by a jelly's acid

Illustrated notes

Levels and vault maps discovered:
D:5:      layout_gridville, mainiacjoe_overflow_cross_hatched, led_sif_pool,
          chequers_ossuary_entry_cave, minmay_checkerbox

Skill      XL: |  1  2  3  4 |
---------------+-------------+-----
Stealth        | 7 8 9 |  9.3
Fighting       | |  3.0
Axes           | |  2.0
Dodging        | |  2.0

Action                     |  1- 3 |  4- 6 || total
---------------------------+-------+-------++-------
  Melee: Hand axe          |    14 |    12 ||    26
         Tentacles         |     5 |     2 ||     7
         Constrict         |     4 |     2 ||     6
    Use: Scroll            |     1 |       ||     1
   Stab: Sleeping          |     1 |     1 ||     2
 Armour: Skin              |     4 |     6 ||    10
  Dodge: Dodged            |     7 |     8 ||    15

Table legend: (Time is in decaauts)
 A = Elapsed time spent in this place.
 B = Non-inter-level travel time spent in this place.
 C = Inter-level travel time spent in this place.
 D = Time resting spent in this place.
 E = Time spent auto-exploring this place.
 F = Levels seen in this place.
 G = Mean time per level.
                   A        B        C        D        E       F      G
               +--------+--------+--------+--------+--------+-----+--------+
         Total |    314 |    314 |      0 |    142 |     69 |   1 |  314.0 |
       Dungeon |    314 |    314 |      0 |    142 |     69 |   1 |  314.0 |
               +--------+--------+--------+--------+--------+-----+--------+

Top non-repeatable levels by time:
     D:5: 314 daAuts
